 Dungeon Crawl Stone Soup version 0.28-a0-726-g4a9143789a (webtiles) character file.

Game seed: 6634281220034601586

25 cheechan the Skirmisher (level 3, -1/34 HPs)
             Began as a Naga Fighter on Oct 27, 2021.
             Slain by an adder (4 damage)
             ... on level 2 of the Dungeon.
             The game lasted 00:02:56 (1134 turns).

cheechan the Skirmisher (Naga Fighter)              Turns: 1134, Time: 00:02:57

Health: -1/34      AC:  6    Str: 19    XL:     3   Next: 4%
Magic:  3/3        EV:  7    Int:  8    God:
Gold:   76         SH:  4    Dex: 10    Spells: 2/2 levels left

rFire   . . .      SeeInvis +   a - +0 war axe
rCold   . . .      Faith    .   c - +0 buckler
rNeg    . . .      Spirit   .   b - +0 scale mail
rPois   +          Reflect  .   j - +1 helmet
rElec   .          Harm     .   (no cloak)
rCorr   +          Rampage  .   (no gloves)
Will    .....                   (no barding)
Stlth   ..........              (no amulet)
HPRegen 0.11/turn               i - ring of resist corrosion
MPRegen 0.08/turn               (no ring)

@: very slow
A: AC +1, large, see invisible, deformed body, poison resistance, slowness 2,
spit poison 1, naga tail 1
a: Spit Poison


You were on level 2 of the Dungeon.
You visited 1 branch of the dungeon, and saw 2 of its levels.

You collected 76 gold pieces.

Inventory:

Hand Weapons
 a - a +0 war axe (weapon)
Missiles
 g - 18 bolts
Armour
 b - a +0 scale mail (worn)
 c - a +0 buckler (worn)
 j - a +1 helmet (worn)
Jewellery
 i - a ring of resist corrosion (left hand)
Scrolls
 e - a scroll of silence {unknown}
Potions
 d - 2 potions of might
 f - a potion of attraction {unknown}
 h - a potion of haste {unknown}


   Skills:
 + Level 3.2 Fighting
 + Level 2.4 Axes
 + Level 2.6 Armour
 + Level 0.1 Dodging
 + Level 2.7 Shields


You had 2 spell levels left.
You didn't know any spells.
Your spell library was empty.

Dungeon Overview and Level Annotations

Branches:
Dungeon (2/15)

Altars:


Innate Abilities, Weirdness & Mutations

Your serpentine skin is tough. (AC +1)
You have supernaturally acute eyesight. (SInv)
Armour fits poorly on your strangely shaped body.
Your system is resistant to poisons. (rPois)
You cover ground very slowly.
You can spit poison.
You have a snake-like lower body.


Message History

You barely miss the kobold. The kobold hits you with a +0 whip. x2
You miss the kobold. The kobold hits you but does no damage.
You slash the kobold!
You kill the kobold!
Things that are here:
a +0 whip; a stone; a kobold corpse An adder comes into view.
The adder hisses angrily.
Things that are here:
a +0 whip; a stone; a kobold corpse
Things that are here:
a +0 hand axe; a hobgoblin corpse You barely miss the adder.
You block the adder's attack.
You closely miss the adder. The adder bites you. The adder barely misses you.
You completely miss the adder. The adder bites you.
The adder barely misses you.
You closely miss the adder. You block the adder's attack. The adder bites you.
* * * LOW HITPOINT WARNING * * *
You closely miss the adder. The adder bites you but does no damage.
The adder bites you.
* * * LOW HITPOINT WARNING * * *
You barely miss the adder. The adder barely misses you.
You closely miss the adder. The adder bites you but does no damage.
The adder bites you.
* * * LOW HITPOINT WARNING * * *
You barely miss the adder. The adder bites you.
* * * LOW HITPOINT WARNING * * *
The adder bites you but does no damage.
Okay, then.
You closely miss the adder.
The adder bites you but does no damage. x2
You hit the adder.
The adder is lightly wounded.
The adder barely misses you.
You hit the adder but do no damage.
The adder is lightly wounded.
The adder closely misses you. The adder bites you but does no damage.
You closely miss the adder.
The adder is lightly wounded.
The adder bites you.
You die...

#.. ..#..) ..###...#.
#.#....'... ##.......... ..
#...... ####.##...... #.
.............
.#...#################......
.........)S@.........)......
##.###.################.....
#. ###..... #. #....... ##
#....... #....... #.......
##...... ##.....


You could see an adder.

Vanquished Creatures
  A worm (D:2)
  2 ball pythons
  2 endoplasms (D:1)
  2 giant cockroaches
  3 goblins
  5 hobgoblins
  2 bats
  A kobold (D:2)
  A rat (D:1)
19 creatures vanquished.

Vanquished Creatures (others)
  2 plants (D:1)
2 creatures vanquished.

Grand Total: 21 creatures vanquished

Notes
Turn   | Place    | Note
-------+----------+-------------------------------------------
     0 | D:1      | cheechan the Naga Fighter began the quest for the Orb.
     0 | D:1      | Reached XP level 1. HP: 21/21 MP: 1/1
   229 | D:1      | Reached XP level 2. HP: 8/28 MP: 2/2
  1088 | D:2      | Found a faded altar of an unknown god.
  1107 | D:2      | Reached XP level 3. HP: 22/34 MP: 3/3
  1134 | D:2      | Slain by an adder

Illustrated notes

Levels and vault maps discovered:
D:1:      denvon_arrival_planthouse, layout_basic, nrook_loot_triangle,
          item_on_display_b
D:2:      layout_rooms, hellmonk_ecumenical_altar_blasted, basic_altar

Action                   || total
-------------------------++-------
Melee: War axe           ||    72
 Abil: Spit Poison       ||     4
  Use: Scroll            ||     1
Armor: Scale mail        ||    34
Dodge: Dodged            ||    33
Block: Buckler           ||    17

Table legend: (Time is in decaauts)
 A = Elapsed time spent in this place.
 B = Non-inter-level travel time spent in this place.
 C = Inter-level travel time spent in this place.
 D = Time resting spent in this place.
 E = Time spent auto-exploring this place.
 F = Levels seen in this place.
 G = Mean time per level.
                   A        B        C        D        E       F      G
               +--------+--------+--------+--------+--------+-----+--------+
         Total |   1496 |   1496 |      0 |    180 |      0 |   2 |  748.0 |
       Dungeon |   1496 |   1496 |      0 |    180 |      0 |   2 |  748.0 |
               +--------+--------+--------+--------+--------+-----+--------+

Top non-repeatable levels by time:
     D:1: 1309 daAuts
     D:2: 187 daAuts
